 Dungeon Crawl Stone Soup version 0.28-a0-1199-gef9e1dbd39 (webtiles) character file.

Game seed: 9772444911228581696

4214 ChaosChampion the Thaumaturge (level 10, -9/70 HPs)
             Began as a Djinni Venom Mage on Dec 19, 2021.
             Was an Initiate of Ashenzari.
             Mangled by Rothnd's ghost (10 damage)
             ... on level 7 of the Dungeon.
             The game lasted 00:24:15 (13695 turns).

ChaosChampion the Thaumaturge (Djinni Venom Mage)  Turns: 13695, Time: 00:24:16

Health: -9/70      AC: 12    Str:  7    XL:     10   Next: 54%
Gold:   309        EV: 13    Int: 21    God:    Ashenzari [......] SH:  9 Dex: 14

rFire   + + .      SeeInvis .   r - +5 trident (flame)
rCold   x . .      Faith    .   s - +0 kite shield
rNeg    . . .      Spirit   .   t - +0 ring mail
rPois   ∞          Reflect  .   (no helmet)
rElec   .          Harm     .   j - +2 cloak
rCorr   .          Rampage  .   d - +2 pair of gloves
Will    +....                   (boots unavailable)
Stlth   +.........              (no amulet)
HPRegen 0.21/turn               l - +4 ring of evasion
MPRegen 0.00/turn               (no ring)

@: flying
A: sickness immunity, fire resistance 2, cold vulnerability 1, float, innate
caster, hp casting, extra vitality 1
a: Renounce Religion, Curse Item


You were on level 7 of the Dungeon.
You worshipped Ashenzari.
Ashenzari was noncommittal.
You visited 2 branches of the dungeon, and saw 9 of its levels.

You collected 309 gold pieces.

Inventory:

Hand Weapons
 i - a +3 short sword
 r - a +5 trident of flaming (weapon)
Armour
 d - a +2 pair of gloves (worn)
 j - a +2 cloak (worn)
 s - a +0 kite shield (worn)
 t - a +0 ring mail (worn)
 B - a +2 robe
Jewellery
 l - a +4 ring of evasion (left hand)
 m - a ring of resist corrosion
Wands
 v - a wand of acid (15)
 E - a wand of iceblast (6)
Scrolls
 a - 2 scrolls of magic mapping {unknown}
 f - 2 scrolls of immolation
 h - 3 scrolls of enchant weapon
 p - 4 scrolls of identify
 x - a scroll of fear
 y - a scroll of teleportation
 C - a scroll of amnesia {unknown}
 F - a scroll of blinking {unknown}
Potions
 b - 2 potions of degeneration
 c - a potion of flight
 e - a potion of might {unknown}
 g - 2 potions of lignification
 k - a potion of haste {unknown}
 n - a potion of resistance {unknown}
 o - a potion of brilliance {unknown}
 q - a potion of cancellation {unknown}
 u - a potion of curing
 w - a potion of attraction {unknown}
 z - a potion of magic {unknown}
 A - a potion of mutation {unknown}
 D - a potion of heal wounds {unknown}


   Skills:
 + Level 5.0 Fighting
 + Level 2.8 Polearms
 + Level 5.1 Armour
 - Level 6.0 Dodging
 - Level 1.5 Stealth
 + Level 3.4 Shields
 * Level 8.3 Spellcasting


You had 6 spell levels left.
You knew the following spells:

 Your Spells              Type           Power      Damage    Failure   Level
a - Sting                 Tmut/Pois      100%       1d8       3%          1
b - Poisonous Vapours     Pois/Air       86%        N/A       5%          2
c - Mephitic Cloud        Conj/Pois/Air  43%        N/A       11%         3
d - Olgreb's Toxic Radia  Pois           43%        N/A       34%         4
e - Gell's Gravitas       Tloc           43%        N/A       11%         3
f - Corpse Rot            Necr/Air       86%        N/A       5%          2
g - Frozen Ramparts       Ice            86%        1d10      11%         3
v - Apportation           Tloc           86%        N/A       3%          1
Your spell library was empty.

Dungeon Overview and Level Annotations

Branches:
Dungeon (8/15)             Temple (1/1) D:7
   Lair: D:8-11

Altars:
Ashenzari
Cheibriados
Dithmenos
Elyvilon
Fedhas
Gozag
Hepliaklqana
Kikubaaqudgha
Makhleb
Nemelex Xobeh
Okawaru
Qazlal
Ru
Sif Muna
Trog
Uskayaw
Vehumet
Wu Jian
Xom
Zin
Beogh

Annotations:
D:7 Rothnd's ghost, novice HuFi


Innate Abilities, Weirdness & Mutations

You are immune to sickness and miasma.
You are immune to poison.
Your flesh is very heat resistant. (rF++)
You are vulnerable to cold. (rC-)
You float through the air rather than walking.
You learn spells naturally, not from books.
Your magical power is your life essence.
You have superior vitality. (+4 HP)


Message History

a +0 flail; a +0 leather armour; an orc corpse No target in view!
Found a stone staircase leading down.
No target in view!
A two-headed ogre comes into view.
It is wielding a +0 giant club and a +0 giant spiked club.
The two-headed ogre shouts in stereo!
A two-headed ogre is nearby!
A two-headed ogre is nearby!
You puncture the two-headed ogre! You burn the two-headed ogre.
The two-headed ogre is lightly wounded.
You block the two-headed ogre's attack. The two-headed ogre barely misses you.
Casting: Poisonous Vapours (safe; 5% risk of failure)
Confirm with . or Enter, or press ? or * to list all spells.
Aiming: Poisonous Vapours (safe; 5% risk of failure)
Press: ? - help, Dir - move target, f - two-headed ogre
Aim: a two-headed ogre, wielding a +0 giant club and a +0 giant spiked club (lightly wounded) Poisonous vapours surround the two-headed ogre!
The two-headed ogre is poisoned.
The two-headed ogre hits you with a +0 giant club!!
You block the two-headed ogre's attack. You block the two-headed ogre's attack.
The two-headed ogre hits you with a +0 giant spiked club!
Found an ornate altar of the Wu Jian Council.
A centaur comes into view.
The centaur shouts!
The centaur wields a +0 shortbow.
The centaur shoots an arrow.
The arrow barely misses you.
The centaur shoots an arrow.
The arrow closely misses you.
Things that are here:
a +0 dagger; a +0 robe The centaur shoots an arrow.
The arrow hits you!
There is a stone staircase leading up here.
You block the two-headed ogre's attack.
The two-headed ogre hits you with a +0 giant spiked club!!
* * * LOW HITPOINT WARNING * * *
You fly upwards.
Level annotation: Rothnd's ghost, novice HuFi Rothnd's ghost hits you but does no damage.
Rothnd's ghost hits you!
You die...

.# #..# .# #..# .#
#..# >### #..#
...##### #..#
.#.....# #..#
######.# ###..# ##
#.# ######....# .##
#.#### #...@O....#
W.#
#....###.#W##.####
..# ####........#.#
..# #........#.#
..# ####'''###.#
..# #(....(.#.# ..#
#..$....#.## .##
#...$♣..#..########
.#
#♣(.....#.........#


You could see a two-headed ogre and Rothnd's ghost.

Vanquished Creatures
  A manticore (D:7)
  3 yaks (D:7)
  A steam dragon (D:8)
  A water moccasin (D:7)
  Duvessa (D:7)
  5 necrophages
  2 orc warriors (D:8)
  2 black bears
  An ice beast (D:7)
  An ogre (D:6)
  A centaur (D:7)
  A kobold brigand (D:7)
  A bullfrog (D:7)
  A wyvern zombie (D:7)
  3 scorpions
  A gnoll sergeant (D:6)
  A water moccasin skeleton (D:4)
  A wyvern skeleton (D:7)
  Dowan (D:7)
  4 killer bees
  9 wights
  A centaur zombie (D:7)
  4 orc priests
  2 hounds (D:4)
  A bullfrog skeleton (D:6)
  6 iguanas
  Jessica (D:2)
  Terence (D:3)
  5 orc wizards
  A howler monkey skeleton (D:6)
  A howler monkey zombie (D:7)
  2 mummies (D:7)
  Robin (D:3)
  5 gnolls
  7 adders
  A white imp (D:6)
  An ufetubus (D:5)
  5 worms
  3 dart slugs
  34 orcs
  6 ball pythons
  4 bats
  4 endoplasms
  5 giant cockroaches
  14 goblins
  10 hobgoblins
  2 jackals (D:4)
  10 kobolds
  2 quokkas
  6 frilled lizards
  7 rats
194 creatures vanquished.

Vanquished Creatures (others)
  2 withered plants (D:7)
2 creatures vanquished.

Grand Total: 196 creatures vanquished

Notes
Turn   | Place    | Note
-------+----------+-------------------------------------------
     0 | D:1      | ChaosChampion the Djinni Venom Mage began the quest for the
                  | Orb.
     0 | D:1      | Reached XP level 1. HP: 15/15 MP: 0/0
   461 | D:1      | Reached XP level 2. HP: 7/21 MP: 0/0
   803 | D:1      | Reached skill level 3 in Spellcasting
  1123 | D:1      | Reached XP level 3. HP: 23/25 MP: 0/0
  1123 | D:1      | Learned a level 1 spell: Apportation
  1604 | D:1      | Found a faded altar of an unknown god.
  2855 | D:2      | Reached XP level 4. HP: 30/31 MP: 0/0
  3238 | D:2      | Noticed Jessica
  3243 | D:2      | Killed Jessica
  3244 | D:2      | Reached skill level 4 in Spellcasting
  3538 | D:3      | Noticed Robin
  3550 | D:3      | Reached XP level 5. HP: 21/35 MP: 0/0
  3550 | D:3      | Learned a level 2 spell: Corpse Rot
  3559 | D:3      | Killed Robin
  4134 | D:3      | Found a blossoming altar of Fedhas.
  4134 | D:3      | Noticed Terence
  4141 | D:3      | Killed Terence
  5033 | D:4      | Reached XP level 6. HP: 30/40 MP: 0/0
  5342 | D:4      | Reached skill level 5 in Spellcasting
  6168 | D:5      | Entered Level 5 of the Dungeon
  6230 | D:5      | Reached XP level 7. HP: 41/45 MP: 0/0
  6230 | D:5      | Learned a level 3 spell: Frozen Ramparts
  6430 | D:5      | Found an opulent altar of Gozag.
  6529 | D:5      | Reached skill level 6 in Spellcasting
  7002 | D:6      | Reached skill level 1 in Fighting
  7002 | D:6      | Reached skill level 1 in Armour
  7219 | D:6      | Reached XP level 8. HP: 44/52 MP: 0/0
  9137 | D:6      | Reached skill level 7 in Spellcasting
  9137 | D:6      | Reached XP level 9. HP: 22/60 MP: 0/0
  9137 | D:6      | Learned a level 3 spell: Gell's Gravitas
 10090 | D:6      | Found an iron altar of Okawaru.
 10412 | D:7      | Reached skill level 1 in Shields
 10527 | D:7      | Noticed a manticore
 10533 | D:6      | Reached skill level 1 in Polearms
 10867 | D:7      | Killed a manticore
 10868 | D:7      | Reached skill level 5 in Dodging
 10876 | D:7      | Noticed Dowan
 10881 | D:7      | Killed Dowan
 10881 | D:7      | Noticed Duvessa
 11420 | D:7      | Reached XP level 10. HP: 66/69 MP: 0/0
 11478 | D:7      | Reached skill level 8 in Spellcasting
 11793 | D:7      | Found a staircase to the Ecumenical Temple.
 11808 | Temple   | Entered the Ecumenical Temple
 12015 | Temple   | Became a worshipper of Ashenzari the Shackled
 12137 | D:7      | Found a runed translucent gate.
 12138 | D:7      | Found a runed translucent gate.
 12138 | D:7      | Found a runed translucent gate.
 12138 | D:7      | Noticed Rothnd's ghost (novice HuFi)
 12342 | D:7      | Killed Duvessa
 12868 | D:8      | Reached skill level 5 in Armour
 13292 | D:8      | Found a shadowy altar of Dithmenos.
 13306 | D:8      | Found a sparkling altar of Nemelex Xobeh.
 13458 | D:8      | Reached skill level 5 in Fighting
 13659 | D:8      | Noticed a two-headed ogre
 13676 | D:8      | Found an ornate altar of the Wu Jian Council.
 13694 | D:8      | HP: 1/70 [two-headed ogre (26)]
 13695 | D:7      | Mangled by Rothnd's ghost

Illustrated notes

Levels and vault maps discovered:
D:1:      roderic_chinese_lattice_arrival, layout_loops_corners,
          hellmonk_ecumenical_altar_arch_garden, minmay_unequal
D:2:      layout_basic, uniq_jessica
D:3:      layout_basic, fedhas_altar_3, minivault_24, serial_park_tiny_2,
          chequers_serial_rivers_small_b, minmay_parallelograms, uniq_robin,
          uniq_terence
D:4:      layout_rooms, cheibrodos_gnoll_hut
D:5:      nicolae_BIG_FREAKIN_CUBE, layout_cave_pools,
          mainiacjoe_overflow_six_doors_small
D:6:      minmay_evil_eye, layout_gridville,
          mainiacjoe_overflow_surrounded_room, minmay_misc_feat_rows
D:7:      layout_loops_ring, minmay_temple_entry_junction_2,
          ebering_ghost_rock_garden, serial_undead, serial_undead_c,
          serial_undead_e, serial_undead_a, serial_undead_c, uniq_duvessa
D:8:      layout_cave_pools, mainiacjoe_overflow_concentric_impassable,
          lemuel_zombie_altar_yredelemnul, nicolae_overflow_crystal_walls,
          mainiacjoe_overflow_alcove_1, special_room [special_room_orc]
Temple:   dpeg_chambers_temple

Skill      XL: |  1  2  3  4  5  6  7  8  9 10 |
---------------+-------------------------------+-----
Spellcasting   | 3 4 5 6 7 8 |  8.3
Fighting       | 1 3 4 5 |  5.0
Armour         | 1 3 4 5 |  5.1
Dodging        | 3 4 5 6 |  6.0
Shields        | 2 3 |  3.4
Polearms       | 2 |  2.8
Stealth        | |  1.5

Action                   |  1- 3 |  4- 6 |  7- 9 | 10-12 || total
-------------------------+-------+-------+-------+-------++-------
Melee: Unarmed           |    11 |    24 |       |       ||    35
       Trident           |       |       |    69 |   105 ||   174
 Cast: Sting             |    66 |    87 |   110 |     4 ||   267
       Poisonous Vapours |     5 |    29 |    43 |    20 ||    97
       Olgreb's Toxic Ra |       |     5 |    14 |     5 ||    24
       Mephitic Cloud    |       |     1 |     6 |     2 ||     9
       Corpse Rot        |       |     1 |       |       ||     1
       Frozen Ramparts   |       |       |     6 |       ||     6
       Gell's Gravitas   |       |       |    14 |       ||    14
  Use: Scroll            |       |     9 |     1 |       ||    10
 Stab: Confused          |       |       |       |     4 ||     4
Armor: Robe              |     9 |    28 |    38 |       ||    75
       Ring mail         |       |       |    19 |    20 ||    39
Dodge: Dodged            |    33 |    77 |   144 |    46 ||   300
Block: Kite shield       |       |       |    39 |    46 ||    85

Table legend: (Time is in decaauts)
 A = Elapsed time spent in this place.
 B = Non-inter-level travel time spent in this place.
 C = Inter-level travel time spent in this place.
 D = Time resting spent in this place.
 E = Time spent auto-exploring this place.
 F = Levels seen in this place.
 G = Mean time per level.
                   A        B        C        D        E       F      G
               +--------+--------+--------+--------+--------+-----+--------+
         Total |  13782 |  13538 |    244 |   3195 |   7875 |   9 | 1531.3 |
       Dungeon |  13549 |  13305 |    244 |   3195 |   7683 |   8 | 1693.6 |
        Temple |    232 |    232 |      0 |      0 |    192 |   1 |  232.0 |
               +--------+--------+--------+--------+--------+-----+--------+

Top non-repeatable levels by time:
     D:6: 2818 daAuts
     D:1: 2530 daAuts
     D:5: 2021 daAuts
     D:7: 1620 daAuts
     D:3: 1580 daAuts
     D:4: 1173 daAuts
     D:2: 916 daAuts
     D:8: 890 daAuts
  Temple: 232 daAuts
